 Dungeon Crawl Stone Soup version 0.23-b1 (webtiles) character file.

Game seed: 11800310139719894226

614 MelsaHvarei the Spear-Bearer (level 7, -4/53 HPs)
             Began as a Merfolk Abyssal Knight on Jan 31, 2019.
             Was a Priest of Lugonu.
             Killed by divine providence
             ... invoked by an orc priest
              (14 damage)
             ... on level 3 of the Dungeon.
             The game lasted 00:11:46 (6060 turns).

MelsaHvarei the Spear-Bearer (MfAK)                 Turns: 6060, Time: 00:11:47

Health: -4/53      AC:  6    Str: 13    XL:     7   Next: 44%
Magic:  11/11      EV: 12    Int: 11    God:    Lugonu [***...]
Gold:   171        SH:  3    Dex: 15    Spells: 6/6 levels left

rFire    . . .     SeeInvis +   m - +0 trident
rCold    . . .     Gourm    .   (no shield)
rNeg     . . .     Faith    .   b - +0 leather armour
rPois    .         Spirit   .   p - +0 helmet
rElec    .         Reflect  +   u - +0 cloak
rCorr    .         Harm     .   h - +0 pair of gloves
MR       .....                  (no boots)
Stlth    +.........             l - +3 amulet of reflection
HPRegen  0.17/turn              t - ring of see invisible
MPRegen  0.12/turn              (no ring)

@: no status effects
A: change form in water, swift swim, stealthy swim
a: Depart the Abyss, Bend Space, Banish, Renounce Religion


You were on level 3 of the Dungeon.
You worshipped Lugonu.
Lugonu was most pleased with you.
You were hungry.

You visited 1 branch of the dungeon, and saw 4 of its levels.
You visited the Abyss 1 time.

You collected 171 gold pieces.

Inventory:

Hand Weapons
 a - a +2 spear {Frist}
 m - a +0 trident (weapon)
Armour
 b - a +0 leather armour (worn)
 h - a +0 pair of gloves (worn)
 p - a +0 helmet (worn)
 u - a +0 cloak (worn)
Jewellery
 l - a +3 amulet of reflection (around neck)
 t - a ring of see invisible (left hand)
Wands
 q - a wand of flame (11)
Scrolls
 i - a scroll of fear
 j - a scroll of remove curse
 k - a scroll of amnesia
 r - a scroll of fog
 s - 2 scrolls of teleportation
Potions
 d - 2 potions of brilliance
 e - 2 potions of lignification
 f - a potion of flight {unknown}
 g - 2 potions of degeneration {unknown}
 n - a potion of curing {unknown}
 o - a potion of mutation {unknown}
Comestibles
 c - 7 rations


   Skills:
 + Level 3.9 Fighting
 - Level 8.0 Polearms
 - Level 0.6 Armour
 - Level 2.6 Dodging
 + Level 6.3 Invocations


You had 6 spell levels left.
You didn't know any spells.
Your spell library was empty.

Dungeon Overview and Level Annotations

Branches:
Dungeon (4/15)
 Temple: D:4-7

Altars:
Wu Jian

Annotations:
D:3 2 transporters, rumpelstilzz's ghost, amateur CeFi


Message History

You start resting.
The orc is too close now for your liking.
An orc is nearby!
The orc shouts!
You hear a shout!
The orc shouts!
Attack whom?
Press: ? - help, Dir - move target cursor, f - orc
Aim: an orc You reach to attack!
You puncture the orc!
You kill the orc!
Lugonu accepts your kill.
The orc priest mumbles some strange prayers to Beogh against you.
Beogh smites you!
There is a stone staircase leading down here.
The orc priest invokes the aid of Beogh against you.
Pain shoots through your body!
* * * LOW HITPOINT WARNING * * *
The orc priest invokes the aid of Beogh against you.
Beogh smites you!
You die...

#####....##....# #.#######.
#...#....##....# ##'###.....
#####...#....##....####....#.....
....'...#....##......##....#.....
#####...#....##......##....#####.
...##...#............##....# #)
.#..#...#..........####....#####'
.##.#...####..)....# #....##....
.##.##+#...+....@..# #....##....
.##..#.#.###.......####....##....
.###.#.#.#..........o..#'####....
.......#.#[#.#########o#.........
...(.............[.......o.>#....
####.###.#.#÷..#.#.....####o####.
####..##.#.#.#.[.#.##### #.†....
.................#.########..o...
#####..#####^#####.#.....##......


You could see an orc priest and an orc.

Vanquished Creatures
  A phantom (D:4)
  An ogre (D:4)
  A scorpion (D:2)
  A crimson imp (D:2)
  3 orc priests
  A hound (D:4)
  2 orc wizards
  Robin (D:2)
  7 adders
  An adder skeleton (D:2)
  2 worms (D:2)
  4 dart slugs (D:1)
  A leopard gecko (D:2)
  12 orcs (D:3)
  3 giant cockroaches
  10 goblins
  7 hobgoblins
  5 jackals (D:1)
  10 kobolds
  A quokka (D:2)
  4 bats
  6 frilled lizards
  14 rats
98 creatures vanquished.

Notes
Turn   | Place    | Note
-------+----------+-------------------------------------------
     0 | Abyss:1  | MelsaHvarei the Merfolk Abyssal Knight began the quest for
                  | the Orb.
     0 | Abyss:1  | Reached XP level 1. HP: 18/18 MP: 2/2
    32 | Abyss:1  | Noticed a small abomination
    33 | Abyss:1  | Noticed a wretched star
    34 | Abyss:1  | Noticed a small abomination
    36 | D:1      | Escaped the Abyss
    63 | D:1      | Reached * piety under Lugonu
   137 | D:1      | Reached XP level 2. HP: 22/24 MP: 3/3
   560 | D:1      | Reached skill level 4 in Polearms
   589 | D:1      | Reached XP level 3. HP: 26/29 MP: 5/5
  1291 | D:2      | Reached skill level 5 in Polearms
  1291 | D:2      | Reached XP level 4. HP: 25/35 MP: 6/6
  1917 | D:2      | Reached ** piety under Lugonu
  1917 | D:2      | Reached XP level 5. HP: 19/41 MP: 6/8
  2043 | D:2      | Noticed Robin
  2345 | D:2      | Reached skill level 6 in Polearms
  2800 | D:2      | Found a faded altar of an unknown god.
  3126 | D:2      | Killed Robin
  3575 | D:3      | Found a transporter.
  3635 | D:3      | Reached XP level 6. HP: 28/47 MP: 9/9
  3648 | D:3      | Reached skill level 5 in Invocations
  4052 | D:3      | Found a transporter.
  4060 | D:3      | Noticed rumpelstilzz's ghost (amateur CeFi)
  4229 | D:3      | Noticed a phantom
  4303 | D:4      | Killed a phantom
  4303 | D:4      | Reached skill level 7 in Polearms
  4539 | D:4      | Found an ornate altar of the Wu Jian Council.
  4738 | D:3      | Reached *** piety under Lugonu
  4851 | D:3      | Reached XP level 7. HP: 52/52 MP: 11/11
  5479 | D:4      | Reached skill level 8 in Polearms
  6060 | D:3      | Killed from afar by an orc priest

Skill      XL: |  1  2  3  4  5  6  7 |
---------------+----------------------+-----
Polearms       | 4 5 6 7 8 |  8.0
Invocations    | 3 4 5 6 |  6.3
Fighting       | |  3.9
Armour         | |  0.6
Dodging        | |  2.6

Action                   |  1- 3 |  4- 6 |  7- 9 || total
-------------------------+-------+-------+-------++-------
Melee: Spear             |   122 |   122 |       ||   244
       Trident           |       |   122 |    86 ||   208
Invok: Depart the Abyss  |     1 |       |       ||     1
       Bend Space        |       |     1 |       ||     1
  Use: Scroll            |     6 |     3 |       ||     9
       Potion            |       |     1 |       ||     1
 Stab: Sleeping          |     1 |     2 |       ||     3
       Distracted        |     1 |       |       ||     1
  Eat: Chunk             |     1 |     5 |     3 ||     9
       Ration            |       |     2 |       ||     2
Armor: Leather armour    |    19 |    30 |    13 ||    62
       Skin              |       |     6 |       ||     6
Dodge: Dodged            |    41 |    81 |    39 ||   161
Block: Other             |       |    16 |     3 ||    19
       Reflection        |       |     1 |     1 ||     2
